 Dungeon Crawl Stone Soup version 0.25-a0-1073-gf4359a17dd (webtiles) character file.

Game seed: 1323406382171235565, levelgen mode: deterministic

6043 kae the Basher (level 10, 0/85 HPs)
             Began as a Demonspawn Fighter on May 14, 2020.
             Was a Follower of Qazlal.
             Slain by a bullfrog (3 damage)
             ... on level 10 of the Dungeon.
             The game lasted 00:09:36 (7932 turns).

kae the Basher (Demonspawn Fighter)                 Turns: 7932, Time: 00:09:37

Health: 0/85       AC: 10    Str: 19    XL:     10   Next: 57%
Magic:  10/10      EV: 12    Int: 10    God:    Qazlal [*.....]
Gold:   595        SH: 11    Dex: 13    Spells: 9/9 levels left

rFire    . . .     SeeInvis .   a - +1 flail
rCold    . . .     Gourm    .   c - +0 kite shield
rNeg     + . .     Faith    .   b - +0 scale mail
rPois    .         Spirit   .   (no helmet)
rElec    .         Reflect  .   u - +1 cloak
rCorr    .         Harm     .   t - +1 pair of gloves
MR       .....                  (no boots)
Stlth    ..........             l - amulet of regeneration
HPRegen  0.64/turn              (no ring)
MPRegen  0.12/turn              n - ring of positive energy

@: agile, about to teleport, very slightly contaminated
A: hooves 1, demonic guardian 1, powered by pain 1
a: Renounce Religion


You were on level 10 of the Dungeon.
You worshipped Qazlal.
Qazlal was aware of your devotion.
You were not hungry.

You visited 2 branches of the dungeon, and saw 11 of its levels.

You collected 595 gold pieces.

Inventory:

Hand Weapons
 a - a +1 flail (weapon)
Armour
 b - a +0 scale mail (worn)
 c - a +0 kite shield (worn)
 t - a +1 pair of gloves (worn)
 u - a +1 cloak (worn)
Jewellery
 l - an amulet of regeneration (around neck)
 m - an uncursed ring of ice
 n - a ring of positive energy (right hand)
 r - an uncursed amulet of faith
 y - an uncursed amulet of the acrobat
Wands
 h - a wand of digging (5)
 k - a wand of clouds (5)
 B - a wand of disintegration (13)
 C - a wand of acid (3)
Scrolls
 q - 2 scrolls of fear
 s - 3 scrolls of fog
 x - 10 scrolls of remove curse
 A - a scroll of blinking
Potions
 d - 2 potions of haste
 e - 2 potions of stabbing
 g - 2 potions of degeneration
 i - a potion of mutation
 j - 7 potions of lignification
 o - a potion of heal wounds
 p - 2 potions of berserk rage {unknown}
 w - a potion of ambrosia {unknown}
 z - a potion of flight {unknown}
Comestibles
 f - 20 rations
 D - a chunk of flesh


   Skills:
 + Level 9.8 Fighting
 * Level 11.9 Maces & Flails
 - Level 2.6 Armour
 - Level 2.6 Shields


You had 9 spell levels left.
You didn't know any spells.
Your spell library contained the following spells:

 Spells                   Type           Power        Failure   Level  Hunger
 Corona                   Hex            #......      99%         1    ##.....
 Magic Dart               Conj           #...         99%         1    ##.....
 Sting                    Tmut/Pois      #...         99%         1    ##.....
 Blink                    Tloc           N/A          100%        2    ###....
 Call Imp                 Summ           #.......     100%        2    ###....
 Ensorcelled Hibernation  Hex/Ice        #.....       100%        2    ###....
 Poisonous Vapours        Pois/Air       #.....       100%        2    ###....
 Slow                     Hex            #.......     100%        2    ###....
 Confusing Touch          Hex            #.......     100%        3    ####...
 Conjure Flame            Conj/Fire      #.......     100%        3    ####...
 Dazzling Flash           Conj/Hex       #.....       100%        3    ####...
 Ignite Poison            Fire/Tmut/Pois #.......     100%        3    ####...
 Mephitic Cloud           Conj/Pois/Air  #.......     100%        3    ####...
 Tukima's Dance           Hex            #.......     100%        3    ####...
 Olgreb's Toxic Radiance  Pois           #.......     100%        4    #####..


Dungeon Overview and Level Annotations

Branches:
Dungeon (10/15)            Temple (1/1) D:4             Orc (0/2) D:10
   Lair: D:8-11

Altars:
Ashenzari
Cheibriados
Dithmenos
Elyvilon
Fedhas
Gozag
Hepliaklqana
Kikubaaqudgha
Makhleb
Nemelex Xobeh
Okawaru
Qazlal
Ru
Sif Muna
Trog
Uskayaw
Vehumet
Wu Jian
Xom
Yredelemnul
Zin
The Shining One

Shops:
D:6 [[

Annotations:
D:1 1 runed translucent door
D:7 3 runed translucent doors, sanka's ghost, novice BaIE
D:10 Fannar


Innate Abilities, Weirdness & Mutations

You have large cloven feet.
A weak demonic guardian rushes to your aid.
You sometimes gain a little power by taking damage.


Message History

Fannar freezes you.
* * * LOW HITPOINT WARNING * * *
Unknown command.
Unknown command.
Blink to where?
Press: ? - help, Dir - move target cursor You are very lightly contaminated with residual magic.
As you read the scroll of blinking, it crumbles to dust.
A bullfrog comes into view.
The bullfrog croaks.
As you read the scroll of teleportation, it crumbles to dust.
You feel strangely unstable.
You hit the bullfrog but do no damage. You kick the bullfrog.
The bullfrog is lightly wounded.
The bullfrog hits you.
* * * LOW HITPOINT WARNING * * *
Your shield and scale mail prevent you from hitting the bullfrog.
The bullfrog is lightly wounded.
The bullfrog hits you.
You die...

####.#.####....:...#
###.###.###..###
#..##.##.#.##
###.#........
##...###.### #####
#.# #.# #########.#
......F@5.#
###########


You could see a bullfrog and a friendly shadow imp (summoned).

Vanquished Creatures
  A gargoyle (D:10)
  Maggie (D:6)
  A hippogriff (D:7)
  2 hogs (D:8)
  A human (D:8)
  2 yaks (D:9)
  Menkaure (D:5)
  A warg (D:10)
  7 orc warriors
  A sky beast (D:6)
  An ice beast (D:9)
  A black bear (D:6)
  3 ogres
  2 centaurs
  2 bullfrogs
  4 scorpions
  2 wights (D:6)
  5 killer bees (D:9)
  A bullfrog zombie (D:5)
  A centaur zombie (D:6)
  2 crimson imps
  4 hounds
  3 orc priests
  An iguana (D:6)
  15 orc wizards
  An iron imp (D:9)
  Terence (D:2)
  A worker ant (D:9)
  A hound zombie (D:9)
  Robin (D:2)
  11 adders
  8 gnolls
  An ooze (D:3)
  3 worms
  An adder skeleton (D:6)
  6 leopard geckos
  34 orcs
  4 giant cockroaches
  11 goblins
  13 hobgoblins
  8 jackals
  7 kobolds
  6 quokkas
  10 bats
  6 frilled lizards
  A leopard gecko zombie (D:5)
  3 quokka skeletons
  6 rats
209 creatures vanquished.

Vanquished Creatures (collateral kills)
  A two-headed ogre (D:8)
  Maurice (D:9)
  2 hogs (D:8)
  A yak (D:9)
  An ice beast (D:8)
  A black bear (D:9)
  A centaur (D:5)
  An ogre (D:8)
  A wight (D:6)
  2 orc priests
  An orc wizard (D:10)
  An adder (D:9)
  An adder skeleton (D:8)
  A leopard gecko (D:8)
  6 orcs
22 creatures vanquished.

Grand Total: 231 creatures vanquished

Notes
Turn   | Place    | Note
-------+----------+-------------------------------------------
     0 | D:1      | kae the Demonspawn Fighter began the quest for the Orb.
     0 | D:1      | Reached XP level 1. HP: 18/18 MP: 1/1
     1 | D:1      | Found a runed translucent door.
   204 | D:1      | Reached skill level 2 in Maces & Flails
   489 | D:1      | Gained mutation: You have large cloven feet. [demonic
                  | ancestry]
   489 | D:1      | Reached XP level 2. HP: 15/24 MP: 2/2
  1021 | D:2      | Noticed Robin
  1051 | D:2      | Reached XP level 3. HP: 15/29 MP: 3/3
  1052 | D:2      | Killed Robin
  1052 | D:2      | Reached skill level 3 in Maces & Flails
  1231 | D:2      | Noticed Terence
  1251 | D:2      | Killed Terence
  1251 | D:2      | Reached XP level 4. HP: 32/37 MP: 4/4
  1706 | D:2      | Found a shadowy altar of Dithmenos.
  1748 | D:2      | Found a faded altar of an unknown god.
  1819 | D:3      | Reached skill level 4 in Maces & Flails
  1821 | D:3      | Reached XP level 5. HP: 42/42 MP: 5/5
  2328 | D:4      | Reached XP level 6. HP: 39/49 MP: 6/6
  2439 | D:4      | Reached skill level 5 in Maces & Flails
  2578 | D:4      | Found a staircase to the Ecumenical Temple.
  2783 | Temple   | Entered the Ecumenical Temple
  3205 | D:5      | Entered Level 5 of the Dungeon
  3221 | D:5      | Reached skill level 5 in Fighting
  3288 | D:5      | Noticed Menkaure
  3294 | D:5      | Killed Menkaure
  3294 | D:5      | Reached skill level 6 in Maces & Flails
  3294 | D:5      | Gained mutation: A weak demonic guardian rushes to your
                  | aid. [demonic ancestry]
  3294 | D:5      | Reached XP level 7. HP: 25/56 MP: 7/7
  3571 | D:5      | Found a burning altar of Makhleb.
  4013 | D:6      | Reached skill level 7 in Maces & Flails
  4024 | D:6      | Noticed Maggie
  4038 | D:6      | Killed Maggie
  4038 | D:6      | Reached XP level 8. HP: 50/65 MP: 8/8
  4066 | D:6      | Found Tianypt's Armour Shoppe.
  4288 | D:6      | Reached skill level 8 in Maces & Flails
  4685 | D:6      | Found Zehoeh's Armour Shoppe.
  5016 | D:7      | Found a runed translucent gate.
  5016 | D:7      | Found a runed translucent gate.
  5016 | D:7      | Found a runed translucent gate.
  5017 | D:7      | Noticed a kobold demonologist
  5017 | D:7      | Noticed sanka's ghost (novice BaIE)
  5017 | D:7      | Identified the +1 whip "Vioganol" {venom, Dex+3}
  5030 | D:7      | Noticed a hippogriff
  5034 | D:7      | Killed a hippogriff
  5034 | D:7      | Reached skill level 9 in Maces & Flails
  5034 | D:7      | Gained mutation: You sometimes gain a little power by
                  | taking damage. [demonic ancestry]
  5034 | D:7      | Reached XP level 9. HP: 54/72 MP: 9/9
  5457 | D:8      | Found a shattered altar of Ashenzari.
  5495 | D:8      | Reached skill level 10 in Maces & Flails
  5666 | D:8      | Noticed a two-headed ogre
  5715 | D:8      | Killed a two-headed ogre
  6333 | D:9      | Reached XP level 10. HP: 82/82 MP: 10/10
  6432 | D:9      | Found a stormy altar of Qazlal.
  6479 | D:9      | Became a worshipper of Qazlal Stormbringer
  6699 | D:9      | Reached skill level 11 in Maces & Flails
  6991 | D:9      | Found a bloodstained altar of Trog.
  7018 | D:9      | Noticed Maurice
  7029 | D:9      | Killed Maurice
  7445 | D:9      | Found a snail-covered altar of Cheibriados.
  7455 | D:9      | Reached * piety under Qazlal
  7514 | D:10     | Entered Level 10 of the Dungeon
  7524 | D:10     | Noticed a gargoyle
  7537 | D:10     | Killed a gargoyle
  7575 | D:10     | Noticed Fannar
  7771 | D:10     | Found a staircase to the Orcish Mines.
  7926 | D:10     | HP: 1/85 [Fannar/+0 quarterstaff of freezing (5)]
  7931 | D:10     | HP: 2/85 [bullfrog (2)]
  7932 | D:10     | Slain by a bullfrog

Illustrated notes

Levels and vault maps discovered:
D:1:      dpeg_arrival_caged_fury, layout_loops_corners
D:2:      layout_basic, nicolae_dithmenos_through_a_glass_darkly,
          chequers_ecumenical_altar_lobes, uniq_robin, uniq_terence
D:3:      layout_rooms, first_ration, chequers_mini_garden
D:4:      layout_loops_cross, minmay_temple_entry_crystal_x,
          minmay_misc_feat_diagonals, grunt_ministairs_10, minivault_24,
          kennysheep_generic_room_5
D:5:      layout_rooms, bloody_makhleb, grunt_decor_mini_mirrors, uniq_menkaure
D:6:      layout_basic, serial_shops, shop, shop, uniq_maggie
D:7:      layout_cave_pools, serial_glass, glass_columns_a, glass_columns_a,
          gammafunk_ghost_nasty_kobolds
D:8:      layout_cave_pools, ashenzari_conservatory_becter, grunt_livestock,
          nicolae_zen_rock_garden
D:9:      layout_gridville, slow_altar_2, lightli_temple_of_fire,
          grunt_qazlal_sundering, uniq_maurice
D:10:     layout_loops_ring, erik_orc_3, special_room [special_room_orc],
          uniq_fannar
Temple:   minmay_temple_bridge_d

Skill      XL: |  1  2  3  4  5  6  7  8  9 10 |
---------------+-------------------------------+-----
Maces & Flails | 2 3 4 6 7 9 10 11 | 11.9
Fighting       | 4 5 6 7 8 9 |  9.8
Armour         | |  2.6
Shields        | |  2.6

Action                   |  1- 3 |  4- 6 |  7- 9 | 10-12 || total
-------------------------+-------+-------+-------+-------++-------
Melee: Flail             |   103 |   228 |   315 |   222 ||   868
       Kick              |    16 |    59 |   103 |    66 ||   244
Evoke: Wand              |       |       |     1 |     4 ||     5
  Use: Potion            |     1 |     1 |     1 |     2 ||     5
       Scroll            |       |    11 |     5 |     3 ||    19
 Stab: Distracted        |       |       |     5 |       ||     5
  Eat: Chunk             |     1 |     7 |    10 |     6 ||    24
Armor: Scale mail        |    67 |   104 |   116 |    61 ||   348
       Skin              |       |       |       |     8 ||     8
Dodge: Dodged            |    31 |    56 |    82 |    60 ||   229
Block: Kite shield       |    69 |    99 |   136 |   103 ||   407

Table legend:
 A = Non-vault XP
 B = Vault XP
 C = Vault XP percentage of total XP
 D = Non-vault monster count
 E = Vault monster count
 F = Vault count percentage of total count
                 A         B        C        D         E       F
            +---------+---------+-------+---------+---------+-------
      Total |    6240 |    2394 |  27.7 |     193 |      38 |  16.5
            +---------+---------+-------+---------+---------+-------
        D:1 |      17 |       0 |   0.0 |      12 |       0 |   0.0
        D:2 |      92 |      71 |  43.6 |      27 |      12 |  30.8
        D:3 |     189 |       0 |   0.0 |      18 |       0 |   0.0
        D:4 |     166 |      81 |  32.8 |      18 |       4 |  18.2
        D:5 |     257 |     172 |  40.1 |      14 |       1 |   6.7
        D:6 |     884 |     409 |  31.6 |      26 |       1 |   3.7
        D:7 |     631 |       0 |   0.0 |      14 |       0 |   0.0
        D:8 |    1580 |     854 |  35.1 |      28 |       5 |  15.2
        D:9 |    1809 |     359 |  16.6 |      29 |       2 |   6.5
       D:10 |     615 |     448 |  42.1 |       7 |      13 |  65.0
            +---------+---------+-------+---------+---------+-------
